 Dungeon Crawl Stone Soup version 0.24-a0-630-g0d56a851f4 (webtiles) character file.

Game seed: 16342823417947278909, levelgen mode: deterministic

15477 Gynju the Protected (level 12, -1/64 HPs)
             Began as a Gargoyle Fighter on Sept 19, 2019.
             Was a High Priest of Okawaru.
             Slain by Gastronok (15 damage)
             ... on level 3 of the Lair of Beasts.
             The game lasted 00:19:19 (12045 turns).

Gynju the Protected (Gargoyle Fighter)             Turns: 12045, Time: 00:19:20

Health: -1/64      AC: 33    Str: 23    XL:     12   Next: 27%
Magic:  12/12      EV:  8    Int: 17    God:    Okawaru [*****.]
Gold:   643        SH: 13    Dex:  9    Spells: 11/11 levels left

rFire    . . .     SeeInvis .   a - +8 flail (drain)
rCold    . . .     Gourm    .   c - +0 shield
rNeg     + . .     Faith    .   p - +3 chain mail {MR+}
rPois    ∞         Spirit   .   m - +0 helmet
rElec    +         Reflect  .   J - +2 cloak "Hiriduump" {Int+4}
rCorr    +         Harm     .   h - +2 pair of gloves {archery}
MR       +....                  (no boots)
Stlth    ..........             (no amulet)
HPRegen  0.20/turn              e - +2 ring of intelligence
MPRegen  0.13/turn              y - ring of resist corrosion

@: slowed, very slow
A: negative energy resistance 1, electricity resistance, unbreathing,
petrification resistance, rot immunity, AC +8
a: Heroism, Finesse, Renounce Religion


You were on level 3 of the Lair of Beasts.
You worshipped Okawaru.
Okawaru was extremely pleased with you.
You were not hungry.

You visited 3 branches of the dungeon, and saw 14 of its levels.

You collected 643 gold pieces.

Inventory:

Hand Weapons
 a - a +8 flail of draining (weapon)
 b - a +0 hand crossbow
Missiles
 E - 6 silver javelins (quivered)
 N - 22 bolts
Armour
 c - a +0 shield (worn)
 h - a +2 pair of gloves of archery (worn)
 m - a +0 helmet (worn)
 p - a +3 chain mail of magic resistance (worn)
 J - the +2 cloak "Hiriduump" (worn) {Int+4}
   (Okawaru gifted it to you on level 1 of the Lair of Beasts)

   It affects your intelligence (+4).
Jewellery
 e - a +2 ring of intelligence (left hand)
 y - a ring of resist corrosion (right hand)
Wands
 t - a wand of paralysis (12)
 z - a wand of iceblast (17)
 G - a wand of polymorph (8)
 H - a wand of flame (20)
Scrolls
 g - 3 scrolls of fog
 n - 8 scrolls of teleportation
 o - 6 scrolls of remove curse {@r2}
 r - 3 scrolls of enchant armour
 v - 2 scrolls of blinking
 B - 2 scrolls of identify {@r1}
 C - 3 scrolls of magic mapping
 I - a scroll of silence {unknown}
 K - a scroll of random uselessness {unknown}
Potions
 d - a potion of flight {unknown}
 i - a potion of cancellation {unknown}
 j - 5 potions of curing {@q1}
 k - a potion of lignification
 l - 2 potions of ambrosia {unknown}
 q - a potion of berserk rage {unknown}
 s - 3 potions of mutation
 u - 3 potions of magic
 w - 3 potions of brilliance
 x - a potion of haste
 A - 2 potions of resistance {unknown}
 F - 2 potions of heal wounds {unknown}
 L - a potion of invisibility {unknown}
 M - a potion of might
Comestibles
 f - 13 rations
 D - 10 chunks of flesh


   Skills:
 - Level 3.2 Fighting
 - Level 9.8 Maces & Flails
 + Level 13.3 Armour
 + Level 13.3 Shields


You had 11 spell levels left.
You didn't know any spells.
Your spell library contained the following spells:

 Spells                   Type           Power        Failure   Level  Hunger
 Corona                   Hex            #......      80%         1    ##.....
 Ensorcelled Hibernation  Hex/Ice        #.....       91%         2    ###....
 Confuse                  Hex            #.......     99%         3    ####...
 Dazzling Spray           Conj/Hex       #.....       99%         3    ####...
 Tukima's Dance           Hex            #.......     99%         3    ####...


Dungeon Overview and Level Annotations

Branches:
Dungeon (10/15)            Temple (1/1) D:5            Lair (3/6) D:9
  Snake (0/4) Lair:2          Orc (0/2) D:9
  Swamp: Lair:2-4    Shoals: Lair:2-4

Altars:
Ashenzari
Cheibriados
Dithmenos
Elyvilon
Fedhas
Gozag
Hepliaklqana
Kikubaaqudgha
Makhleb
Nemelex Xobeh
Okawaru
Qazlal
Ru
Sif Muna
Trog
Uskayaw
Vehumet
Wu Jian
Xom
Yredelemnul
Zin
The Shining One

Shops:
D:4 !   D:5 *

Annotations:
Lair:3 Gastronok


Innate Abilities, Weirdness & Mutations

You are resistant to torment.
Your stone body is resilient. (AC +8)
You are immune to poison.
You resist negative energy. (rN+)
You are resistant to electric shocks. (rElec)
You can survive without breathing.
You are immune to petrification.
You are immune to rotting.


Message History

Gastronok looks at you while chanting.
You feel yourself slow down.
Gastronok waves his eye-stalks in wide circles.
The air twists around and strikes you!
You are too injured to fight recklessly!
You are too injured to fight recklessly!
You are too injured to fight recklessly!
You are too injured to fight recklessly!
Gastronok gurgles, "I'll eat you, I will!"
Gastronok bites you!!
* * * LOW HITPOINT WARNING * * *
You sock Gastronok!
Gastronok is lightly wounded.
Your shield and chain mail prevent you from hitting Gastronok.
Gastronok is lightly wounded.
Gastronok bites you but does no damage.
You hit Gastronok.
Gastronok is lightly wounded.
Gastronok bites you!
You die...

.......####P.........P##.#.......
.......#P###.........###.+.......
......##.............###.........
......'...##.........##..........
......P##P##............#...#P#.#
#.#...######............#########
###..## #.........##.# #P..#
#.###.#..#.### ##..# #...w@....##
#..# #...P.#.#### ..P#
##......... ...# #...........#
#### #.>.........# ##......>....#
.'..........## ##...).......
#..<.......


You could see Gastronok.

Vanquished Creatures
  A two-headed ogre (D:8)
  Pikel (D:4)
  An ugly thing (D:10)
  4 elephants (Lair:3)
  A black mamba (Lair:3)
  A spiny frog (Lair:2)
  A gargoyle (D:10)
  5 komodo dragons
  2 trolls (D:10)
  3 hippogriffs
  Prince Ribbit (D:5)
  20 yaks
  A basilisk (Lair:1)
  3 hungry ghosts
  Menkaure (D:5)
  Edmund (D:3)
  A water moccasin (D:6)
  Duvessa (D:4)
  2 sky beasts
  7 porcupines
  2 orc warriors (D:9)
  An ice beast (D:5)
  3 black bears
  A phantom (D:5)
  4 ogres
  4 centaurs
  6 wolves
  4 crocodiles (Lair:1)
  A big kobold (D:10)
  12 bullfrogs
  Dowan (D:4)
  2 wyvern skeletons (D:10)
  2 howler monkeys
  4 crimson imps
  A quasit (D:9)
  A bullfrog zombie (D:10)
  2 hounds
  3 jellies
  16 orc wizards
  5 orc priests
  An iguana (D:8)
  Jessica (D:2)
  A bullfrog skeleton (D:5)
  4 worker ants
  2 hound skeletons
  A howler monkey zombie (D:10)
  A worker ant zombie (D:6)
  Robin (D:2)
  A gnoll (D:9)
  10 adders
  2 shadow imps (D:10)
  An adder zombie (D:6)
  An adder skeleton (D:5)
  5 worms
  2 dart slugs
  5 leopard geckos
  44 orcs
  2 giant cockroaches (D:1)
  21 goblins
  11 hobgoblins
  11 jackals
  9 kobolds
  5 quokkas
  3 ball pythons
  6 bats
  3 frilled lizards
  9 rats
296 creatures vanquished.

Vanquished Creatures (collateral kills)
  A crimson imp (D:8)
1 creature vanquished.

Vanquished Creatures (others)
  A slave (D:4)
  A worker ant (D:4)
  A ball python (D:4)
  3 plants (D:10)
6 creatures vanquished.

Grand Total: 303 creatures vanquished

Notes
Turn   | Place    | Note
-------+----------+-------------------------------------------
     0 | D:1      | Gynju the Gargoyle Fighter began the quest for the Orb.
     0 | D:1      | Reached XP level 1. HP: 14/14 MP: 1/1
   209 | D:1      | Reached XP level 2. HP: 5/19 MP: 2/2
   473 | D:1      | You fall into a shaft and drop 1 floor!
   765 | D:1      | Reached XP level 3. HP: 21/23 MP: 3/3
  1094 | D:2      | Noticed Robin
  1167 | D:2      | Killed Robin
  1167 | D:2      | Reached XP level 4. HP: 27/28 MP: 4/4
  1685 | D:2      | Reached skill level 5 in Maces & Flails
  1685 | D:2      | Reached XP level 5. HP: 32/32 MP: 5/5
  1804 | D:2      | Found an ancient bone altar of Kikubaaqudgha.
  1804 | D:2      | Found a shimmering altar of Xom.
  1809 | D:2      | Found a shadowy altar of Dithmenos.
  1811 | D:2      | Found a faded altar of an unknown god.
  1812 | D:2      | Found a blossoming altar of Fedhas.
  1835 | D:2      | Noticed Jessica
  2074 | D:2      | Killed Jessica
  2079 | D:3      | Found a sparkling altar of Nemelex Xobeh.
  2680 | D:4      | Noticed Duvessa
  2701 | D:4      | Noticed Edmund
  2785 | D:3      | Killed Edmund
  2785 | D:3      | Reached XP level 6. HP: 21/37 MP: 6/6
  2957 | D:4      | Noticed Dowan
  2966 | D:4      | Killed Duvessa
  2966 | D:4      | Reached XP level 7. HP: 41/41 MP: 7/7
  2979 | D:4      | Killed Dowan
  3061 | D:4      | Noticed Pikel
  3086 | D:4      | Killed Pikel
  3086 | D:4      | Reached XP level 8. HP: 32/46 MP: 8/8
  3420 | D:4      | Found Bigyij's Distillery.
  3505 | D:5      | Entered Level 5 of the Dungeon
  3583 | D:5      | Found a staircase to the Ecumenical Temple.
  3599 | Temple   | Entered the Ecumenical Temple
  3787 | Temple   | Became a worshipper of Warmaster Okawaru
  3917 | D:5      | Found Moqakic's General Store.
  4065 | D:5      | Noticed Menkaure
  4073 | D:5      | Killed Menkaure
  4073 | D:5      | Reached * piety under Okawaru
  4073 | D:5      | Reached skill level 5 in Armour
  4073 | D:5      | Reached skill level 5 in Shields
  4237 | D:5      | Noticed Prince Ribbit
  4248 | D:5      | Killed Prince Ribbit
  4248 | D:5      | Reached XP level 9. HP: 51/51 MP: 9/9
  4825 | D:6      | Found a white marble altar of Elyvilon.
  4835 | D:6      | Found a basalt altar of Yredelemnul.
  5048 | D:6      | Reached ** piety under Okawaru
  5813 | D:8      | Reached *** piety under Okawaru
  5839 | D:8      | Reached XP level 10. HP: 56/56 MP: 10/10
  6329 | D:8      | Noticed a two-headed ogre
  6336 | D:8      | Killed a two-headed ogre
  6452 | D:9      | Found a staircase to the Lair.
  7429 | D:9      | Found a staircase to the Orcish Mines.
  7749 | D:9      | Reached **** piety under Okawaru
  7899 | D:9      | Reached skill level 10 in Armour
  7899 | D:9      | Reached skill level 10 in Shields
  8155 | D:9      | Found a glowing silver altar of Zin.
  8179 | D:9      | Found an iron altar of Okawaru.
  8283 | D:10     | Entered Level 10 of the Dungeon
  8582 | D:10     | Received a gift from Okawaru
  8599 | D:10     | Reached XP level 11. HP: 60/60 MP: 11/11
  8738 | D:10     | Found a blossoming altar of Fedhas.
  8861 | D:10     | Noticed a red ugly thing
  8879 | D:10     | Killed a red ugly thing
  9046 | Lair:1   | Entered Level 1 of the Lair of Beasts
  9371 | Lair:1   | Reached ***** piety under Okawaru
  9435 | Lair:1   | Received a gift from Okawaru
  9603 | Lair:1   | Received a gift from Okawaru
  9613 | Lair:1   | Got a twisted cloak {god gift}
  9622 | Lair:1   | Identified the +2 cloak "Hiriduump" {Int+4} (Okawaru gifted
                  | it to you on level 1 of the Lair of Beasts)
 10054 | Lair:2   | Found a staircase to the Snake Pit.
 10172 | Lair:1   | HP: 2/60 [crocodile (4)]
 11268 | Lair:3   | Reached XP level 12. HP: 33/64 MP: 12/12
 12038 | Lair:3   | Noticed Gastronok
 12045 | Lair:3   | Slain by Gastronok

Levels and vault maps discovered:
D:1:      moated_graveyard_arrival, layout_loops_ring
D:2:      minmay_angry_zag, layout_loops_ring,
          chequers_temple_overflow_minitemple, first_ration, uniq_jessica,
          uniq_robin
D:3:      layout_loops_cross, nemelex_xobeh_ov_fountains_minmay
D:4:      layout_cave_pools, serial_shops, shop, uniq_duvessa, uniq_pikel,
          uniq_edmund
D:5:      layout_loops_corners, minmay_temple_entry_grid, serial_shops,
          nicolae_shop_trees, hangedman_decor_peaks_small, minivault_14,
          uniq_menkaure, uniq_prince_ribbit1
D:6:      layout_basic, overflow_temple_1_default,
          hangedman_abyss_or_decor_slice, elyvilon_altar_5
D:7:      layout_rooms
D:8:      layout_basic
D:9:      layout_small_grid, zin_scriptorium, lair_entry_dummy,
          hiddenorc2_lemuel, okawaru_altar_gauntlet_db
D:10:     wad_woods_structure_01, layout_basic, the_bakery,
          fedhas_altar_decomposition, uniq_grum
Temple:   eino_narrow_crystal_temple
Lair:1:   layout_roguey, beast_lair_carwin_10
Lair:2:   layout_hall_layers, dummy_snake_entry
Lair:3:   layout_roguey, uniq_gastronok

Skill      XL: |  1  2  3  4  5  6  7  8  9 10 11 12 |
---------------+-------------------------------------+-----
Maces & Flails | 3 4 5 6 7 9 |  9.8
Armour         | 5 8 10 12 13 | 13.3
Shields        | 5 8 10 12 13 | 13.3
Fighting       | |  3.2

Action                   |  1- 3 |  4- 6 |  7- 9 | 10-12 || total
-------------------------+-------+-------+-------+-------++-------
Melee: Flail             |   157 |   217 |   215 |   536 ||  1125
Invok: Heroism           |       |       |       |     5 ||     5
  Use: Potion            |       |     1 |       |       ||     1
       Scroll            |       |       |    17 |       ||    17
  Eat: Chunk             |     1 |     6 |     9 |    23 ||    39
       Ration            |       |       |     1 |       ||     1
Armor: Scale mail        |   114 |    78 |       |       ||   192
       Chain mail        |       |    42 |   117 |   300 ||   459
Dodge: Dodged            |    70 |    54 |    36 |   172 ||   332
Block: Shield            |   112 |   111 |   102 |   353 ||   678

Table legend:
 A = Non-vault XP
 B = Vault XP
 C = Vault XP percentage of total XP
 D = Non-vault monster count
 E = Vault monster count
 F = Vault count percentage of total count
                 A         B        C        D         E       F
            +---------+---------+-------+---------+---------+-------
      Total |   17649 |    4461 |  20.2 |     218 |      79 |  26.6
            +---------+---------+-------+---------+---------+-------
        D:1 |      56 |      11 |  16.4 |      30 |       6 |  16.7
        D:2 |      69 |      81 |  54.0 |      21 |      11 |  34.4
        D:3 |      63 |     169 |  72.8 |      16 |       1 |   5.9
        D:4 |     298 |     874 |  74.6 |      15 |       3 |  16.7
        D:5 |     576 |     426 |  42.5 |      16 |       2 |  11.1
        D:6 |     493 |       0 |   0.0 |       9 |       0 |   0.0
        D:7 |    1195 |       0 |   0.0 |      16 |       0 |   0.0
        D:8 |    1839 |       6 |   0.3 |      18 |       2 |  10.0
        D:9 |    1280 |     473 |  27.0 |      21 |      35 |  62.5
       D:10 |    1527 |    1188 |  43.8 |      10 |      10 |  50.0
     Lair:1 |    4683 |    1233 |  20.8 |      26 |       9 |  25.7
     Lair:2 |    1941 |       0 |   0.0 |      10 |       0 |   0.0
     Lair:3 |    3629 |       0 |   0.0 |      10 |       0 |   0.0
            +---------+---------+-------+---------+---------+-------
